[Event "Schachfestival Basel 2017"]
[Site "Basel"]
[Date "2017.01.08"]
[Round "9"]
[White "Abasov, Nijat"]
[Black "Safarli, Eltaj"]
[Result "1/2-1/2"]
[ECO "C67"]
[WhiteElo "2561"]
[BlackElo "2686"]
[PlyCount "23"]
[EventDate "2017.??.??"]
[EventType "swiss"]
[EventCountry "SUI"]
[SourceTitle "playchess.com"]
[Source "ChessBase"]
[TimeControl "40/6000+30:1800+30"]

1. e4 e5 2. Nf3 Nc6 3. Bb5 Nf6 4. O-O Nxe4 5. d4 Nd6 6. dxe5 Nxb5 7. a4 Nbd4 8.
Nxd4 d5 9. exd6 Nxd4 10. Qxd4 Qxd6 11. Qe4+ Qe6 12. Qd4 1/2-1/2

[Event "Schachfestival Basel 2017"]
[Site "Basel"]
[Date "2017.01.08"]
[Round "9"]
[White "Bai, Jinshi"]
[Black "Bellahcene, Bilel"]
[Result "1-0"]
[ECO "D30"]
[WhiteElo "2560"]
[BlackElo "2493"]
[PlyCount "47"]
[EventDate "2017.??.??"]
[EventType "swiss"]
[EventCountry "SUI"]
[SourceTitle "playchess.com"]
[Source "ChessBase"]
[TimeControl "40/6000+30:1800+30"]

1. d4 d5 2. c4 e6 3. Nf3 Nf6 4. g3 Bb4+ 5. Nbd2 O-O 6. Bg2 b6 7. O-O Bb7 8. b3 c5 9. Bb2 cxd4 10. Nxd4 Qe7 11. Nc2 Bc5 12. b4 Bd6 13. Bxf6 Qxf6 14. cxd5 exd5 15. Nc4 Na6 16. a3 Rfd8 17. Nxd6 Qxd6 18. Nd4 Nc7 19. Rc1 Ne6 20. Qd2 a5 21. Rfd1 axb4 22. Qxb4 Nxd4 23. Rxd4 Rxa3 24. Rxd5 1-0

[Event "Schachfestival Basel 2017"]
[Site "Basel"]
[Date "2017.01.08"]
[Round "9"]
[White "Bauer, Christian"]
[Black "Donchenko, Alexander"]
[Result "1-0"]
[ECO "B20"]
[WhiteElo "2635"]
[BlackElo "2559"]
[PlyCount "87"]
[EventDate "2017.??.??"]
[EventType "swiss"]
[EventCountry "SUI"]
[SourceTitle "playchess.com"]
[Source "ChessBase"]
[TimeControl "40/6000+30:1800+30"]

1. e4 c5 2. Na3 d6 3. c3 Nf6 4. g3 g6 5. Bg2 Bg7 6. d4 cxd4 7. cxd4 O-O 8. Ne2 Bg4 9. f3 Bd7 10. Be3 d5 11. e5 Ne8 12. Qb3 Nc7 13. Qxb7 Nc6 14. Qb3 Rb8 15. Qc3 Ne6 16. f4 Qb6 17. Bxd5 Nb4 18. Be4 Qa6 19. Nc2 Nxc2+ 20. Qxc2 f6 21. O-O Qb6 22. Qd2 Qxb2 23. Qxb2 Rxb2 24. Nc3 Rc8 25. Rfc1 Kf8 26. Rab1 Rxb1 27. Bxb1 Nc7 28. Be4 e6 29. Bb7 Rb8 30. Ne4 Ne8 31. Nc5 Ke7 32. Bd2 Bc8 33. Bxc8 Rxc8 34. Rb1 fxe5 35. fxe5 h6 36. Ba5 Kf7 37. Rb7+ Kg8 38. Nxe6 Rc1+ 39. Kf2 Rc2+ 40. Kf3 Rxa2 41. Rxa7 Bh8 42. Nf4 g5 43. Nd5 Ra4 44. Bb6 1-0

[Event "Schachfestival Basel 2017"]
[Site "Basel"]
[Date "2017.01.08"]
[Round "9"]
[White "Deepan Chakkravarthy J"]
[Black "Kunin, Vitaly"]
[Result "1-0"]
[ECO "A10"]
[WhiteElo "2485"]
[BlackElo "2576"]
[PlyCount "119"]
[EventDate "2017.??.??"]
[EventType "swiss"]
[EventCountry "SUI"]
[SourceTitle "playchess.com"]
[Source "ChessBase"]
[TimeControl "40/6000+30:1800+30"]

1. c4 b6 2. Nc3 Bb7 3. Nf3 e6 4. b3 c5 5. Bb2 Nf6 6. e3 Be7 7. Be2 O-O 8. O-O d6 9. d4 cxd4 10. Nxd4 a6 11. Bf3 Ra7 12. Rc1 Qd7 13.
a3 h6 14. h3 Rc8 15. Re1 Bxf3 16. Qxf3 Qb7 17. e4 Nbd7 18. Qe2 Nh7 19. Rcd1 Nc5 20. f4 Nf8 21. b4 Ncd7 22. Nd5 exd5 23. Nf5 Nf6 24. Bxf6 Bxf6 25. Nxd6 Qb8 26. Nxc8 Qxc8 27. cxd5 Rc7 28. e5 Bh4 29. Rf1 f5 30. Qe3 Rc2 31. Rd2 Rc3 32. Rd3 Rc2 33. e6 Qc4 34. Rd2 Rxd2 35.
Qxd2 Nxe6 36. dxe6 Qxe6 37. Kh2 Kh7 38. Rf3 Bf6 39. Qd3 b5 40.
Re3 Qc8 41. Qd5 Qc2 42. Rd3 Kg6 43. Rg3+ Kh7 44. Qd3 Qc8 45. Re3 h5 46. g4 hxg4 47. hxg4 g6 48. g5 Ba1 49. Re7+ Bg7 50.
Qd4 Qg8 51. Qc3 Qf8 52. Qf6 Qg8 53. Qf7 Qxf7 54. Rxf7 Kg8 55. Ra7 Bb2 56. Rxa6 Kf7 57. Kg3 Bd4 58. Ra5 Bb2 59. Rxb5 Bxa3 60. Rb7+ 1-0

[Event "Schachfestival Basel 2017"]
[Site "Basel"]
[Date "2017.01.08"]
[Round "9"]
[White "Gao, Rui"]
[Black "Chu, Wei Chao"]
[Result "1-0"]
[ECO "A05"]
[WhiteElo "2544"]
[BlackElo "2289"]
[PlyCount "89"]
[EventDate "2017.??.??"]
[EventType "swiss"]
[EventCountry "SUI"]
[SourceTitle "playchess.com"]
[Source "ChessBase"]
[TimeControl "40/6000+30:1800+30"]

1. Nf3 Nf6 2. c4 c5 3. g3 b6 4. Bg2 Bb7 5. O-O e6 6. b3 Be7 7. Bb2 O-O 8. Nc3 d6 9. e3 Nbd7 10. Qe2 Qb8 11. Rfd1 a6 12. d4 Rd8 13. e4 cxd4 14. Nxd4 Qa7 15. Kh1 Rac8 16. g4 g6 17. f4 Qa8 18. g5 Nh5 19. Qg4 Nxf4 20. Qxf4 e5 21. Qg3 exd4 22. Nd5 Bxd5 23. exd5 b5 24. Rxd4 bxc4 25. bxc4 Qb7 26. Bc3 Ne5 27. Rf1 Bf8 28. Rh4 Re8 29. Rhf4 Bg7 30. Qh3 Rc7 31. Bxe5 Rxe5 32. Qg4 Ree7 33. Qh4 Qb6 34. R4f3 Qc5 35. Rh3 Qxc4 36. Qxh7+ Kf8 37. Rhf3 Qc2 38. Rf6 Re2 39. Rxg6 Qb2 40. Rxd6 Rxg2 41. Rd8+ Ke7 42. d6+ Kxd8 43. dxc7+ Kxc7 44. Rxf7+ Kb6 45. Rxg7 1-0

[Event "Schachfestival Basel 2017"]
[Site "Basel"]
[Date "2017.01.08"]
[Round "9"]
[White "Korpa, Bence"]
[Black "Karthikeyan, P.."]
[Result "0-1"]
[ECO "C49"]
[WhiteElo "2473"]
[BlackElo "2488"]
[PlyCount "60"]
[EventDate "2017.??.??"]
[EventType "swiss"]
[EventCountry "SUI"]
[SourceTitle "playchess.com"]
[Source "ChessBase"]
[TimeControl "40/6000+30:1800+30"]

1. e4 e5 2. Nf3 Nc6 3. Nc3 Nf6 4. Bb5 Bb4 5. O-O O-O 6. d3 d6 7. Bg5 Ne7 8. Bc4 Bxc3 9. bxc3 Nd7 10. d4 Kh8 11. dxe5 dxe5 12. Bc1 f6 13. Ba3 Qe8 14. Nh4 Nb6 15. Bb3 a5 16. Nf5 Nxf5 17.
exf5 a4 18. Be6 Bxe6 19. fxe6 Rg8 20. e7 Nc4 21. Bb4 Qf7 22.
Qd7 Rac8 23. Rfd1 h6 24. Qxc8 Rxc8 25. Rd8+ Qe8 26. Rxc8 Qxc8 27. Rd1 Nd6 28. Bxd6 Qd7 29. Rb1 cxd6 30. Rxb7 Qe8 0-1

[Event "Schachfestival Basel 2017"]
[Site "Basel"]
[Date "2017.01.08"]
[Round "9"]
[White "Schroeder, Jan-Christian"]
[Black "Heimann, Andreas"]
[Result "1/2-1/2"]
[ECO "B90"]
[WhiteElo "2550"]
[BlackElo "2603"]
[PlyCount "92"]
[EventDate "2017.??.??"]
[EventType "swiss"]
[EventCountry "SUI"]
[SourceTitle "playchess.com"]
[Source "ChessBase"]
[TimeControl "40/6000+30:1800+30"]

1. e4 c5 2. Nf3 d6 3. d4 cxd4 4. Nxd4 Nf6 5. Nc3 a6 6. Be3 e5 7. Nf3 Be7 8. Bc4 O-O 9. O-O Qc7 10. Bb3 Be6 11. Rc1 Nc6 12. Bg5 Rac8 13.
Bxf6 Bxf6 14. Nd5 Bxd5 15. Bxd5 Bd8 16. c3 Ne7 17. Bb3 Qc6 18.
Qd3 Bc7 19. Rfd1 Rcd8 20. Rc2 g6 21. h4 Kg7 22. Re2 Bb6 23.
Bd5 Nxd5 24. Qxd5 Qxd5 25. Rxd5 Kf6 26. a4 Ke6 27. g3 h6 28.
Nd2 Rc8 29. Kg2 Rfd8 30. c4 Bc5 31. b3 Bb4 32. Nf3 h5 33. Ne1 Bxe1 34. Rxe1 Rc5 35. Red1 Rxd5 36. Rxd5 f5 37. f3 Rf8 38. Rd2 b6 39. Rd5 Rf7 40.
Rd2 a5 41. Rd5 fxe4 42. fxe4 Kd7 43. Rb5 Kc6 44. Rd5 Rf8 45. Rb5 Rg8 46. Rd5 Rf8 1/2-1/2

[Event "Schachfestival Basel 2017"]
[Site "Basel"]
[Date "2017.01.08"]
[Round "9"]
[White "Svane, Rasmus"]
[Black "Van Foreest, Jorden"]
[Result "1/2-1/2"]
[ECO "D45"]
[WhiteElo "2560"]
[BlackElo "2612"]
[PlyCount "54"]
[EventDate "2017.??.??"]
[EventType "swiss"]
[EventCountry "SUI"]
[SourceTitle "playchess.com"]
[Source "ChessBase"]
[TimeControl "40/6000+30:1800+30"]

1. d4 d5 2. c4 c6 3. Nc3 Nf6 4. e3 e6 5. Nf3 Nbd7 6. Qc2 b6 7. Bd3 Bb7 8. O-O Bb4 9. Rd1 O-O 10. b3 c5 11. Bb2 cxd4 12. Nxd4 dxc4 13. Bxc4 Qe7 14. a3 Bd6 15. Be2 Rac8 16. Bf3 Bxf3 17. Nxf3 Ne5 18. Nd4 Bb8 19. Rac1 Qc7 20. Ndb5 Qc6 21. Qe2 Qa8 22. Nd6 Rc6 23. Ndb5 a6 24. Nd4 Rcc8 25. Nb1 Qb7 26. Nf3 Nxf3+ 27. Qxf3 Qxf3 1/2-1/2